 Dungeon Crawl Stone Soup version 0.30.0-29-ga12c61a403 (webtiles) character file.

Game seed: 7822945967537072592

171 booth the Conjurer (level 5, -1/17 (28) HPs)
             Began as a Gargoyle Reaver on June 18, 2023.
             Was a Follower of Hepliaklqana.
             Slain by a goblin
             ... wielding a +0 dagger of speed
              (5 damage)
             ... on level 4 of the Dungeon.
             The game lasted 00:17:49 (2724 turns).

booth the Conjurer (Gargoyle Reaver)                Turns: 2724, Time: 00:17:50

HP:   -1/17 (28)    AC:  7    Str: 14 (17) XL:     5   Next: 51%
MP:   6/9           EV: 11    Int: 13 (14) God:    Hepliaklqana [*.....]
Gold: 116           SH:  0    Dex:  7 (8)  Spells: 0/9 levels left

rFire   . . .        a - +0 mace
rCold   . . .        (no shield)
rNeg    + . .        b - +0 leather armour
rPois   ∞            (no helmet)
rElec   +            (no cloak)
rCorr   .            (no gloves)
SInv    .            (no boots)
Will    .....        (no amulet)
Stlth   +            (no ring)
HPRegen 0.22/turn    (no ring)
MPRegen 0.11/turn

%: no passive effects
@: very slightly contaminated, very heavily drained
A: reduced essence, sickness immunity, AC +4, negative energy resistance 1,
electricity resistance, torment resistance 1, petrification resistance
a: Renounce Religion, Recall Ancestor, Ancestor Identity


You were on level 4 of the Dungeon.
You worshipped Hepliaklqana.
Hepliaklqana was aware of your devotion.
You visited 1 branch of the dungeon, and saw 4 of its levels.

You collected 116 gold pieces.

Inventory:

Hand Weapons
 a - a +0 mace (weapon)
 c - a +0 flail
Missiles
 e - 8 poisoned darts (quivered)
 i - 3 javelins
Armour
 b - a +0 leather armour (worn)
 d - a +0 ring mail
 f - a +0 pair of boots
Potions
 j - a potion of brilliance {unknown}
 k - 2 potions of heal wounds {unknown}


   Skills:
 + Level 3.3 Fighting
 + Level 3.8 Maces & Flails
 + Level 2.4 Dodging
 + Level 2.8 Spellcasting
 + Level 4.0 Conjurations


You couldn't memorise any spells.
You knew the following spells:

 Your Spells              Type           Power      Damage    Failure   Level
a - Kiss of Death         Conj/Necr      28%        2d7       13%         1
b - Momentum Strike       Conj/Tloc      14%        3d8       19%         2
c - Hailstorm             Conj/Ice       7%         3d4       36%         3
d - Inner Flame           Hex/Fire       1%         N/A       65%         3

Your spell library contained the following spells:

 Spells                   Type           Power      Damage    Failure   Level
 Flame Wave               Conj/Fire      7%         2d5       77%         4
 Sticky Flame             Conj/Fire      7%         2d3       77%         4


Dungeon Overview and Level Annotations

Branches:
Dungeon (4/15)
 Temple: D:4-7

Altars:
Hepliaklqana
Kikubaaqudgha
Okawaru

Annotations:
D:4 Ijyb, Natasha, Robin


Innate Abilities, Weirdness & Mutations

Your life essence is reduced to manifest your ancestor. (-10% HP)
You are immune to sickness and miasma.
Your stone body is resilient. (AC +4)
You are immune to poison.
You resist negative energy. (rN+)
You are resistant to electric shocks. (rElec)
You are resistant to unholy torment.
You are immune to petrification.


Message History

Aiming: Kiss of Death (safe; 13% risk of failure)
Press: ? - help, Shift-Dir - straight line, f - Ijyb
Aim: Ijyb, wielding a +0 club, wearing a +0 leather armour and carrying a wand of flame (7) (lightly wounded, strong, 100% to hit)
You miscast Kiss of Death.
You are very lightly contaminated with residual magic.
Nothing appears to happen.
The goblin barely misses you.
Ijyb zaps a wand.
The puff of flame hits you. Robin barely misses you.
The hobgoblin barely misses you.
Casting: Kiss of Death (safe; 13% risk of failure)
Confirm with . or Enter, or press ? or * to list all spells.
Aiming: Kiss of Death (safe; 13% risk of failure)
Press: ? - help, Shift-Dir - straight line, f/p - Ijyb
Aim: Ijyb, wielding a +0 club, wearing a +0 leather armour and carrying a wand of flame (6) (lightly wounded, strong, 100% to hit)
You miscast Kiss of Death.
Nothing appears to happen.
The goblin completely misses you. Ijyb hits you with a +0 club!
* * * LOW HITPOINT WARNING * * *
Robin hits you with a +0 mace.
* * * LOW HITPOINT WARNING * * *
The hobgoblin barely misses you.
Casting: Kiss of Death (safe; 13% risk of failure)
Confirm with . or Enter, or press ? or * to list all spells.
Aiming: Kiss of Death (safe; 13% risk of failure)
Press: ? - help, Shift-Dir - straight line, f/p - Ijyb
Aim: Ijyb, wielding a +0 club, wearing a +0 leather armour and carrying a wand of flame (6) (lightly wounded, strong, 100% to hit)
The negative energy hits Ijyb.
Ijyb is drained!
Ijyb is moderately wounded.
You feel drained. The goblin barely misses you. x2
The hobgoblin hits you but does no damage.
Natasha mumbles some strange words.
Robin says, "Kneel, worm!"
Ijyb barely misses you.
You hit Ijyb but do no damage.
Ijyb is moderately wounded.
The goblin hits you but does no damage. Ijyb barely misses you.
The hobgoblin hits you.
* * * LOW HITPOINT WARNING * * *
Natasha mumbles some strange words.
You feel troubled.
The goblin hits you with a +0 dagger of speed.
You die...

........# ........
........# ........
........####### #......
........##....# #......
........##....####......
....5..g................
......gg##....####......
.....hg@g.............<.
#.########....####......
###### #...... #####.#
#.# ... .... .... #.


You could see Ijyb (strong, very drained), Robin, Natasha, a cerulean imp
(summoned), 2 hobgoblins and a goblin (strong).

Vanquished Creatures
  5 adders
  4 gnolls (D:1)
  4 dart slugs
  4 bats
  6 endoplasms
  A giant cockroach (D:2)
  5 hobgoblins
  6 kobolds
  6 quokkas
  7 ball pythons
  11 frilled lizards
  5 goblins
  4 rats
68 creatures vanquished.

Vanquished Creatures (collateral kills)
  An adder (D:4)
  A dart slug (D:3)
  An orc (D:4)
  An endoplasm (D:4)
  A hobgoblin (D:4)
5 creatures vanquished.

Vanquished Creatures (others)
  An ancestor (D:4)
1 creature vanquished.

Grand Total: 74 creatures vanquished

Notes
Turn   | Place    | Note
-------+----------+-------------------------------------------
     0 | D:1      | booth the Gargoyle Reaver began the quest for the Orb.
     0 | D:1      | Reached XP level 1. HP: 12/12 MP: 3/3
   301 | D:1      | Reached XP level 2. HP: 18/18 MP: 5/5
   311 | D:1      | Learned a level 2 spell: Momentum Strike
   697 | D:1      | Reached XP level 3. HP: 22/22 MP: 6/6
  1192 | D:1      | Learned a level 3 spell: Hailstorm
  1433 | D:1      | Reached XP level 4. HP: 19/27 MP: 7/7
  2026 | D:3      | Reached XP level 5. HP: 22/24 MP: 5/8
  2087 | D:3      | Reached skill level 4 in Conjurations
  2135 | D:3      | Found an iron altar of Okawaru.
  2186 | D:3      | Found a faded altar of an unknown god.
  2202 | D:3      | Prayed at the altar of an unknown god.
  2202 | D:3      | Became a worshipper of Hepliaklqana the Forgotten
  2202 | D:3      | Reached * piety under Hepliaklqana
  2455 | D:3      | Learned a level 3 spell: Inner Flame
  2496 | D:4      | Found an ancient bone altar of Kikubaaqudgha.
  2713 | D:4      | Noticed Robin
  2713 | D:4      | Noticed Ijyb
  2716 | D:4      | Noticed Natasha
  2724 | D:4      | Slain by a goblin

Illustrated notes

Levels and vault maps discovered:
D:1:      heliophobic_arrival_ceremonial_halls, layout_loops_cross,
          serial_forest, infiniplex_forest_straight_4,
          infiniplex_forest_straight_1, infiniplex_forest_side_room,
          infiniplex_forest_lined_corner, infiniplex_forest_straight_4,
          minmay_lizard_pond
D:2:      layout_rooms, minmay_misc_feat_square, nicolae_grassy_gnolls
D:3:      layout_rooms, kennysheep_okawaru_gauntlet,
          shapermc_ecumenical_altar_mp_ritualfount, minmay_strange_pillars
D:4:      layout_basic, kiku_gazebo_garden_becter, portal_sewer_entry_d,
          st_stairs_13, nicolae_goblin_pals, uniq_natasha, uniq_eustachio,
          uniq_duvessa

Skill      XL: |  1  2  3  4  5 |
---------------+----------------+-----
Dodging        | 2 |  2.4
Fighting       | 3 |  3.3
Conjurations   | 4 |  4.0
Maces & Flails | |  3.8
Spellcasting   | |  2.8

Action                     |  1- 3 |  4- 6 || total
---------------------------+-------+-------++-------
  Melee: Mace              |   270 |   118 ||   388
         Punch             |     3 |       ||     3
   Cast: Kiss of Death     |       |     3 ||     3
 Invoke: Ancestor Identity |       |     1 ||     1
    Use: Scroll            |     2 |     2 ||     4
         Potion            |     1 |     3 ||     4
 Armour: Leather armour    |    58 |    66 ||   124
  Dodge: Dodged            |    95 |   119 ||   214
